Map: Eternal Empire LE

Players

Karics - Winner!

  • Race: Zerg Zerg
  • League: Gold
  • Spawn Location: 7:00

VOD

Have the link to the VOD?

Description

Time

  • Played on: April 28, 2020, 2:33 a.m.
  • Length: 9:49
Show
View Real Time Build Order
Export as new Build Order

Karics Zerg - Winner!

Build Orders: Hatch First 

Get SALT Encoding   

  12  0:05  Drone  
  12  0:13  Overlord  
  12  0:19  Drone  
  12  0:32  Drone x2  
  12  0:38  Drone  
  12  1:00  Drone  
  12  1:02  Drone  
  12  1:03  Hatchery, Extractor  
  12  1:26  Spawning Pool  
  12  1:32  Drone x2  
  12  1:33  Overlord  
  12  1:48  Drone  
  12  2:12  Metabolic Boost  
  12  2:13  Queen  
  12  2:15  Queen  
  12  2:17  Zergling x6  
  12  2:18  Zergling x2  
  12  2:31  Drone x2  
  12  2:41  Drone x2  
  12  2:51  Drone x2, Queen  
  12  3:02  Overlord  
  12  3:04  Drone  
  12  3:31  Drone x7  
  12  3:40  Drone  
  12  3:44  Overlord  
  12  3:49  Hatchery  
  12  3:53  Overlord  
  12  4:01  Baneling Nest  
  12  4:03  Extractor  
  12  4:14  Overlord x2  
  12  4:17  Drone x4  
  12  4:19  Extractor  
  12  4:21  Extractor  
  12  4:30  Drone  
  12  4:31  Drone x3  
  12  4:37  Lair  
  12  4:44  Evolution Chamber  
  12  4:45  Roach Warren  
  12  4:47  Queen  
  12  5:06  Drone  
  12  5:07  Drone x7  
  12  5:10  Queen  
  12  5:14  Overlord  
  12  5:24  Zergling x2  
  12  5:25  Zergling x16  
  12  5:43  Spore Crawler  
  12  5:44  Spore Crawler  
  12  5:47  Drone x4  
  12  5:48  Spore Crawler  
  12  6:09  Roach x10  
  12  6:17  Drone x3, Extractor  
  12  6:19  Overlord  
  12  6:39  Roach x4  
  12  6:45  Overlord x3  
  12  6:46  Overlord  
  12  6:47  Overlord  
  12  6:49  Zerg Missile Weapons Level 1  
  12  6:52  Glial Reconstitution  
  12  6:53  Evolution Chamber  
  12  6:59  Drone x2  
  12  7:00  Hydralisk Den  
  12  7:05  Roach  
  12  7:06  Roach x2  
  12  7:14  Drone x4  
  12  7:25  Drone x6  
  12  7:26  Drone  
  12  7:31  Roach x2  
  12  7:39  Drone x2  
  12  7:40  Drone  
  12  7:56  Hatchery  
  12  7:58  Roach  
  12  7:59  Roach x7  
  12  8:03  Overlord x2  
  12  8:12  Grooved Spines  
  12  8:23  Roach  
  12  8:24  Roach x7  
  12  8:29  Overlord x2  
  12  8:45  Drone x2  
  12  8:47  Overlord x2  
  12  8:48  Overlord  
  12  8:49  Drone x6  
  12  8:50  Drone x2  
  12  9:07  Roach  
  12  9:08  Roach x6  
  12  9:09  Overlord x2  
  12  9:10  Overlord  
  12  9:29  Roach x9  
Tags
 
Add a new tag
Caveats
  • Supply blocks, unpowered buildings, or Contaminate may cause inaccurate times.
  • Supply counts are checked every 10 seconds.